AoeStats
← sofia sarte

Arabia

506696008Analyzed
1v1 RM · 19d ago on Sep 14, 2026· 37m 40s· 2 players
Game mode
Random Map
Map size
Tiny (2 player)
Population
200
Speed
Normal
Resources
Standard
Victory
Conquest
Starting age
Dark Age
Ending age
Imperial Age
RankedLock teamsTeams togetherTeam positionsShared explorationLock speedFull tech treeHidden civsTurbo modeCheats
Victory
Defeat
🇺🇸 Portuguese · United States
1393
+15
🇨🇱 Persians · Chile
1380
-15
sofia sarte
6:07 Loom
27:02 Feudal Age
34:30 Castle Age
35:42 Husbandry
35:50 Husbandry
36:17 Husbandry
36:30 Light Cavalry
Kreos
7:12 Loom
25:10 Feudal Age
26:12 Horse Collar
26:19 Double-Bit Axe
31:30 Bloodlines
34:57 Castle Age
35:48 Scale Barding Armor
36:14 Bloodlines
36:18 Forging
37:22 Bow Saw
Connection lost

Rejoining the realm…

Still unreachable

The connection could not be restored.

Session expired

The server has moved on; the page needs a fresh start.